Map: King's Cove LE

Players

pta

  • Race: Zerg Zerg
  • Spawn Location: 5:00

VOD

Have the link to the VOD?

Description

Time

  • Played on: April 12, 2019, 3:34 a.m.
  • Length: 26:25
Show
View Real Time Build Order
Export as new Build Order

pta Zerg 

Build Orders:  

Get SALT Encoding   

  12  0:06  Drone  
  13  0:46  Spawning Pool  
  12  0:59  Extractor  
  11  1:02  Extractor  
  10  1:10  Overlord  
  10  1:12  Drone x2  
  12  1:26  Drone  
  13  1:42  Drone  
  14  2:14  Hatchery  
  13  2:30  Drone x2  
  13  2:31  Drone  
  16  2:54  Roach Warren  
  16  2:59  Drone  
  16  3:10  Drone  
  17  3:24  Queen  
  19  3:34  Zergling x2  
  19  3:37  Zergling x2  
  21  3:59  Overlord  
  21  4:18  Overlord  
  21  4:22  Lair  
  21  4:23  Drone  
  22  4:39  Roach  
  24  4:40  Roach  
  24  4:44  Roach  
  28  4:50  Zergling x2  
  28  4:55  Drone  
  28  4:59  Drone  
  31  5:16  Drone  
  32  5:46  Drone x3  
  35  5:51  Queen  
  37  6:01  Glial Reconstitution  
  37  6:09  Roach  
  39  6:10  Roach  
  39  6:13  Overlord  
  41  6:20  Roach  
  41  6:23  Zergling x2  
  44  6:41  Spine Crawler  
  44  6:45  Spine Crawler  
  42  6:52  Spine Crawler, Metabolic Boost  
  41  7:00  Drone x3  
  44  7:23  Overseer  
  44  7:44  Roach x2  
  44  7:45  Roach  
  44  7:46  Overlord  
  44  7:47  Overlord  
  50  7:50  Zergling x4  
  52  8:02  Evolution Chamber  
  52  8:06  Evolution Chamber  
  50  8:20  Overseer  
  50  8:32  Overlord x2  
  50  8:52  Zerg Ground Armor Level 1, Zerg Missile Weapons Level 1  
  50  9:09  Drone  
  51  9:10  Drone  
  51  9:11  Drone  
  51  9:14  Drone x2  
  55  9:21  Drone x2  
  53  9:38  Zergling x4  
  53  9:39  Zergling x4  
  57  9:53  Hydralisk Den  
  57  9:57  Spore Crawler  
  55  10:14  Spore Crawler  
  54  10:41  Hydralisk x4  
  54  10:43  Hydralisk  
  54  10:49  Roach  
  66  10:54  Roach  
  68  11:18  Drone x2  
  70  11:27  Extractor x2  
  68  11:35  Zerg Melee Weapons Level 1  
  68  11:50  Zerg Ground Armor Level 2  
  68  11:54  Drone x3  
  68  11:58  Drone x3  
  74  12:14  Unknown  
  74  13:03  Drone x2  
  74  13:04  Drone  
  74  13:05  Overlord x2  
  74  13:06  Overlord x2  
  77  13:40  Hydralisk x2  
  77  13:41  Hydralisk x3  
  77  13:42  Hydralisk  
  77  13:44  Roach x2  
  77  13:45  Roach  
  95  13:50  Roach  
  95  13:56  Unknown  
  65  14:24  Hydralisk x2  
  65  14:25  Hydralisk x3  
  69  14:38  Zerg Missile Weapons Level 2  
  69  15:04  Hydralisk x2  
  69  15:05  Hydralisk x2  
  77  15:32  Zergling x2  
  77  15:33  Zergling x2  
  77  15:34  Roach x2  
  83  16:09  Spire  
  82  16:16  Spire  
  82  16:17  Drone x2  
  83  17:04  Overlord  
  83  17:05  Overlord x3  
  83  17:18  Zerg Melee Weapons Level 2  
  41  18:24  Mutalisk x3  
  41  18:25  Mutalisk x4  
  41  18:26  Mutalisk x5  
  63  18:36  Hydralisk x2  
  63  18:38  Hydralisk  
  69  18:45  Hydralisk  
  71  18:51  Hydralisk  
  71  18:57  Roach x2  
  77  19:01  Roach  
  77  19:04  Roach  
  77  19:07  Roach  
  83  19:13  Roach  
  83  19:14  Roach  
  87  19:20  Hydralisk  
  47  20:05  Zergling x10  
  47  20:06  Zergling x2  
  53  20:22  Hydralisk  
  53  20:23  Hydralisk x3  
  53  20:24  Hydralisk  
  53  20:25  Hydralisk  
  65  20:46  Lurker Den  
  64  21:33  Hydralisk x3  
  64  21:34  Hydralisk x5  
  64  21:35  Hydralisk x2  
  62  22:27  Hydralisk x2  
  62  22:28  Hydralisk x4  
  70  22:32  Hydralisk  
  72  22:56  Spine Crawler  
  72  22:57  Spine Crawler  
  70  23:00  Spine Crawler  
  69  23:11  Lurker  
  69  23:12  Lurker  
  71  23:23  Lurker  
  71  23:27  Zergling x10  
  71  23:28  Zergling x10  
  71  23:29  Zergling x4  
  64  24:19  Zergling x6  
  147  24:20  Zergling x6  
  49  24:53  Hydralisk  
  49  24:54  Hydralisk x3  
  43  25:51  Hydralisk x3  
  43  25:52  Hydralisk x2  
Tags
 
Add a new tag
Caveats
  • Supply blocks, unpowered buildings, or Contaminate may cause inaccurate times.
  • Supply counts are checked every 10 seconds.